 Dungeon Crawl Stone Soup version 0.23.1-37-gaa34b87 (webtiles) character file.

Game seed: 9487191376441357478

138 night the Firebug (level 5, 0/35 HPs)
             Began as a Demonspawn Fire Elementalist on Mar 22, 2019.
             Succumbed to a worker ant's poison
             ... on level 4 of the Dungeon.
             The game lasted 00:09:12 (3453 turns).

night the Firebug (Demonspawn Fire Elementalist)    Turns: 3453, Time: 00:09:13

Health: 0/35       AC:  4    Str: 14    XL:     5   Next: 1%
Magic:  8/9        EV: 17    Int: 17    God:
Gold:   186        SH:  0    Dex: 18    Spells: 3/10 levels left

rFire    . . .     SeeInvis .   r - +2 quarterstaff (chaos)
rCold    . . .     Gourm    .   (shield currently unavailable)
rNeg     . . .     Faith    .   a - +0 robe
rPois    .         Spirit   .   (helmet restricted)
rElec    .         Reflect  .   s - +0 cloak
rCorr    +         Harm     .   d - +0 pair of gloves
MR       .....                  (no boots)
Stlth    ++++......             j - amulet of rage
HPRegen  0.11/turn              (no ring)
MPRegen  0.11/turn              q - ring of resist corrosion

@: mighty, agile, lethally poisoned (0 -> -4), berserk cooldown, slowed, very
slow
A: horns 1, talons 2, camouflage 1
a: Evoke Berserk Rage


You were on level 4 of the Dungeon.
You were hungry.

You visited 1 branch of the dungeon, and saw 4 of its levels.

You collected 186 gold pieces.

Inventory:

Hand Weapons
 o - a +2 dagger of speed
 r - a +2 quarterstaff of chaos (weapon)
Missiles
 b - 15 arrows
 p - a throwing net (quivered)
Armour
 a - a +0 robe (worn)
 d - a +0 pair of gloves (worn)
 s - a +0 cloak (worn)
Jewellery
 j - an amulet of rage (around neck)
 q - a ring of resist corrosion (right hand)
Scrolls
 e - a scroll of teleportation {unknown}
 f - 3 scrolls of identify
 k - 2 scrolls of enchant weapon {unknown}
 l - 2 scrolls of fog {unknown}
 n - 2 scrolls of blinking {unknown}
Potions
 h - 2 potions of might
Comestibles
 c - 5 rations


   Skills:
 - Level 1.7 Dodging
 - Level 1.7 Stealth
 + Level 3.2 Spellcasting
 + Level 2.8 Conjurations
 + Level 3.6 Fire Magic


You had 3 spell levels left.
You knew the following spells:

 Your Spells              Type           Power        Failure   Level  Hunger
a - Flame Tongue          Conj/Fire      ##...        4%          1    None
b - Throw Flame           Conj/Fire      ##....       7%          2    ##.....
c - Confusing Touch       Hex            #.....       17%         1    None
d - Conjure Flame         Conj/Fire      ##......     14%         3    ###....

Your spell library contained the following spells:

 Spells                   Type           Power        Failure   Level  Hunger
 Animate Skeleton         Necr           N/A          17%         1    None
 Apportation              Tloc           #.....       17%         1    None
 Summon Small Mammal      Summ           #...         17%         1    None
 Inner Flame              Hex/Fire       #.......     24%         3    ###....
 Sticky Flame             Conj/Fire      ##......     41%         4    ####...
 Fireball                 Conj/Fire      ##........   77%         5    ######.


Dungeon Overview and Level Annotations

Branches:
Dungeon (4/15)
 Temple: D:4-7

Altars:
Sif Muna


Innate Abilities, Weirdness & Mutations

You have a pair of small horns on your head.
You have razor-sharp toenails.
Your skin changes colour to match your surroundings (Stealth+).


Message History

Your toenails lengthen and sharpen.
Your skin functions as natural camouflage.
A red film seems to cover your vision as you go berserk!
You feel yourself moving faster!
You feel mighty!
* * * LOW HITPOINT WARNING * * *
You feel sick.
You feel a strong urge to attack something.
* * * LOW HITPOINT WARNING * * *
You feel sick.
You feel your anger nearly subside.
You are no longer berserk.
You are exhausted.
You feel yourself slow down.
* * * LOW HITPOINT WARNING * * *
You feel sick.
* * * LOW HITPOINT WARNING * * *
You feel sick.
* * * LOW HITPOINT WARNING * * *
You feel sick.
You die...

. .. ......###
## .....#.. ...
...#.##.####.##
#....$..#.....
#.#.##@.#.#.##
#.#.##........
#.#.##...#.#.#
#.#.##........
#<.......#.#.#
######.#......
#.#.#.#.#
#.#......
#.#.##.#.


There were no monsters in sight!

Vanquished Creatures
  Crazy Yiuf (D:3)
  A worker ant (D:2)
  2 adders (D:3)
  An ooze (D:3)
  2 dart slugs
  A leopard gecko (D:1)
  5 orcs (D:3)
  3 giant cockroaches
  7 hobgoblins
  3 jackals (D:3)
  A quokka (D:2)
  7 bats
  2 frilled lizards (D:2)
  5 goblins
  7 kobolds
  5 rats
53 creatures vanquished.

Notes
Turn   | Place    | Note
-------+----------+-------------------------------------------
     0 | D:1      | night the Demonspawn Fire Elementalist began the quest for
                  | the Orb.
     0 | D:1      | Reached XP level 1. HP: 13/13 MP: 3/3
   586 | D:1      | Gained mutation: You have a pair of small horns on your
                  | head. [demonic ancestry]
   586 | D:1      | Reached XP level 2. HP: 19/19 MP: 1/5
   779 | D:1      | Learned a level 2 spell: Throw Flame
  1498 | D:2      | Reached XP level 3. HP: 17/24 MP: 0/7
  2590 | D:3      | Gained mutation: You have sharp toenails. [demonic
                  | ancestry]
  2590 | D:3      | Reached XP level 4. HP: 30/30 MP: 4/8
  2991 | D:3      | Learned a level 1 spell: Confusing Touch
  2995 | D:3      | Learned a level 3 spell: Conjure Flame
  3156 | D:3      | Found a deep blue altar of Sif Muna.
  3294 | D:3      | Found a runed translucent door.
  3295 | D:3      | Noticed Crazy Yiuf
  3304 | D:3      | Killed Crazy Yiuf
  3304 | D:3      | Reached XP level 5. HP: 35/35 MP: 5/9
  3444 | D:4      | Gained mutation: You have razor-sharp toenails. [potion of
                  | mutation]
  3444 | D:4      | Gained mutation: Your skin changes colour to match your
                  | surroundings (Stealth+). [potion of mutation]
  3452 | D:4      | HP: 1/35 [poisoned by a worker ant]
  3453 | D:4      | Succumbed to a worker ant's poison

Skill      XL: |  1  2  3  4 |
---------------+-------------+-----
Fire Magic     | 3 |  3.6
Conjurations   | 2 |  2.8
Spellcasting   | 3 |  3.2
Dodging        | |  1.7
Stealth        | |  1.7

Action                   |  1- 3 |  4- 6 || total
-------------------------+-------+-------++-------
Melee: Unarmed           |    27 |       ||    27
       Dagger            |    52 |    30 ||    82
       Short sword       |     1 |       ||     1
       Headbutt          |     2 |     5 ||     7
       Kick              |       |     8 ||     8
       Quarterstaff      |       |     6 ||     6
 Cast: Flame Tongue      |    47 |    19 ||    66
       Throw Flame       |     5 |       ||     5
       Confusing Touch   |       |     1 ||     1
  Use: Scroll            |       |     2 ||     2
       Potion            |       |     4 ||     4
 Stab: Sleeping          |       |     1 ||     1
  Eat: Chunk             |     6 |     2 ||     8
Armor: Robe              |    22 |     2 ||    24
Dodge: Dodged            |    67 |    16 ||    83
